 Dungeon Crawl Stone Soup version 0.26.1-11-gd32895ea62 (webtiles) character file.

Game seed: 2964447915073302390

398 Almogavar the Shield-Bearer (level 6, -1/38 HPs)
             Began as a Gargoyle Fighter on Apr 22, 2021.
             Slain by a gnoll
             ... wielding a +0 halberd
              (4 damage)
             ... on level 4 of the Dungeon.
             The game lasted 00:06:09 (3421 turns).

Almogavar the Shield-Bearer (Gargoyle Fighter)      Turns: 3421, Time: 00:06:10

Health: -1/38      AC: 15    Str: 21    XL:     6   Next: 83%
Magic:  6/6        EV: 10    Int:  9    God:
Gold:   50         SH:  9    Dex:  9    Spells: 5/5 levels left

rFire    . . .     SeeInvis .   a - +0 flail
rCold    . . .     Faith    .   c - +0 kite shield
rNeg     + . .     Spirit   .   p - +0 chain mail
rPois    ∞         Reflect  .   x - +0 hat
rElec    +         Harm     .   i - +0 cloak
rCorr    .         Rampage  .   (no gloves)
Will     .....                  (no boots)
Stlth    ..........             w - amulet of the acrobat
HPRegen  0.12/turn              n - +4 ring of evasion
MPRegen  0.10/turn              (no ring)

@: attractive
A: negative energy resistance 1, electricity resistance, unbreathing,
petrification resistance, miasma immunity, AC +4
a: no special abilities


You were on level 4 of the Dungeon.
You visited 1 branch of the dungeon, and saw 4 of its levels.

You collected 50 gold pieces.

Inventory:

Hand Weapons
 a - a +0 flail (weapon)
Missiles
 r - 32 arrows
 u - 10 bolts
Armour
 c - a +0 kite shield (worn)
 i - a +0 cloak (worn)
 p - a +0 chain mail (worn)
 x - a +0 hat (worn)
Jewellery
 n - a +4 ring of evasion (left hand)
 w - an amulet of the acrobat (around neck)
Scrolls
 e - a scroll of teleportation
 f - a scroll of amnesia {unknown}
 k - 2 scrolls of fear
 o - a scroll of fog
 q - a scroll of enchant armour {unknown}
 s - a scroll of identify {unknown}
Potions
 b - a potion of magic {unknown}
 d - a potion of might
 g - a potion of heal wounds {unknown}
 h - 2 potions of attraction
 j - a potion of cancellation {unknown}
 l - a potion of degeneration {unknown}
 m - 2 potions of haste {unknown}
 t - 2 potions of lignification {unknown}
 v - a potion of flight {unknown}


   Skills:
 + Level 4.2 Fighting
 + Level 4.5 Maces & Flails
 + Level 4.4 Armour
 + Level 1.1 Dodging
 + Level 0.5 Stealth
 + Level 4.9 Shields


You had 5 spell levels left.
You didn't know any spells.
Your spell library was empty.

Dungeon Overview and Level Annotations

Branches:
Dungeon (4/15)
 Temple: D:4-7

Altars:
Trog


Innate Abilities, Weirdness & Mutations

You are resistant to torment.
Your stone body is resilient. (AC +4)
You are immune to poison.
You resist negative energy. (rN+)
You are resistant to electric shocks. (rElec)
You can survive without breathing.
You are immune to petrification.
You are immune to miasma.


Message History

The gnoll is almost dead.
The gnoll hits you but does no damage. The gnoll hits you.
* * * LOW HITPOINT WARNING * * *
You hit the gnoll.
The gnoll is almost dead.
The gnoll barely misses you. The gnoll closely misses you.
You barely miss the gnoll.
The gnoll is almost dead.
You block the gnoll's attack. The gnoll hits you but does no damage.
Your shield and chain mail prevent you from hitting the gnoll.
The gnoll is almost dead.
The gnoll hits you.
* * * LOW HITPOINT WARNING * * *
The gnoll hits you but does no damage.
An ice beast comes into view.
The gnoll barely misses you.
It was a potion of attraction.
You feel attractive to monsters. The gnoll hits you with a +0 halberd.
You die...

#..<.....[##
#.#..........#
##.##.........#
.##..............
.......(..##.....
..........$......
.................
Y...(...........
.......@g...##.
...###.)g##..#
... ##......# ..
..[...## .##...#
.# #### #


You could see an ice beast and 2 gnolls.

Vanquished Creatures
  Sigmund (D:2)
  An ogre (D:3)
  A hound (D:3)
  A worker ant (D:3)
  An adder (D:3)
  A gnoll (D:4)
  3 worms
  2 dart slugs (D:1)
  3 leopard geckos
  6 orcs
  2 ball pythons (D:1)
  5 bats
  2 giant cockroaches
  11 goblins
  10 hobgoblins
  A quokka (D:3)
  5 frilled lizards
  5 kobolds
  6 rats
67 creatures vanquished.

Notes
Turn   | Place    | Note
-------+----------+-------------------------------------------
     0 | D:1      | Almogavar the Gargoyle Fighter began the quest for the Orb.
     0 | D:1      | Reached XP level 1. HP: 14/14 MP: 1/1
   230 | D:1      | Reached XP level 2. HP: 19/19 MP: 2/2
   746 | D:1      | Reached XP level 3. HP: 23/23 MP: 3/3
  1404 | D:2      | Found a bloodstained altar of Trog.
  1479 | D:2      | Noticed Sigmund
  1490 | D:2      | Killed Sigmund
  1491 | D:2      | Reached XP level 4. HP: 19/29 MP: 4/4
  1491 | D:2      | Reached XP level 5. HP: 22/33 MP: 5/5
  2241 | D:3      | Reached skill level 1 in Dodging
  2269 | D:3      | Reached XP level 6. HP: 38/38 MP: 6/6
  3420 | D:4      | Noticed an ice beast
  3421 | D:4      | Slain by a gnoll

Illustrated notes

Levels and vault maps discovered:
D:1:      minmay_arrival_radiant_lines, layout_basic, hangedman_feature_mirror,
          minmay_split_cup_large
D:2:      layout_basic, lemuel_crystal_altar, uniq_sigmund
D:3:      layout_rooms
D:4:      layout_cave_pools

Skill      XL: |  1  2  3  4  5  6 |
---------------+-------------------+-----
Fighting       | 4 |  4.2
Maces & Flails | 3 4 |  4.5
Armour         | 4 |  4.4
Shields        | 4 |  4.9
Dodging        | 1 |  1.1
Stealth        | |  0.5

Action                   |  1- 3 |  4- 6 || total
-------------------------+-------+-------++-------
Melee: Flail             |    91 |   197 ||   288
  Use: Scroll            |     1 |     2 ||     3
       Potion            |     1 |     1 ||     2
Armor: Scale mail        |    38 |    42 ||    80
       Chain mail        |       |    58 ||    58
Dodge: Dodged            |    46 |   109 ||   155
Block: Kite shield       |    53 |   117 ||   170
